[Event "XX Gran Hotel Bali-A 2023"]
[Site "Benidorm"]
[Date "2023.12.04"]
[Round "5.20"]
[White "Gaurav Rajesh Zagade"]
[Black "Ingunza Curro, Andres"]
[Result "1-0"]
[ECO "D35"]
[WhiteElo "2099"]
[BlackElo "2328"]
[Annotator "RC"]
[PlyCount "131"]
[EventDate "2023.12.02"]
[EventType "swiss"]
[EventCountry "ESP"]
[SourceTitle "playchess.com"]
[Source "ChessBase"]
[SourceQuality "1"]
[TimeControl "5400+30"]

1. d4 Nf6 2. c4 e6 3. g3 d5 4. Nf3 h6 5. Bg2 Bd6 6. O-O O-O 7. Nc3 Nc6 8. cxd5 exd5 9. Nb5 Re8 10. Nxd6 cxd6 11. e3 Bf5 12. Ne1 Rc8 13. Bd2 Qb6 14. Bc3 a5 15. Nd3 g5 16. Re1 Qd8 17. a4 Ne4 18. f3 Nxc3 19. bxc3 Ne7 20. Qd2 Qc7 21. Ra3 Bg6 22. Nf2 Kg7 23. Bh3 Rb8 24. Bf1 Ng8 25. Bb5 Re6 26. Raa1 Nf6 27. Rac1 Re7 28. c4 dxc4 29. Rxc4 Qb6 30. Kg2 d5 31. Rc5 g4 32. fxg4 Be4+ 33. Kg1 Qe6 34. h3 Qd6 35. Kh2 h5 36. gxh5 Rh8 37. Bd3 Rxh5 38. Bxe4 Rxe4 39. Qe2 Rh6 40. Qf3 Rg6 41. Rg1 Re8 42. Rxa5 Qa3 43. Nd1 Rh8 44. Rf1 Qd3 45. Rb5 Ng4+ 46. Kg1 Nf6 47. Kg2 Qc2+ 48. Rf2 Qxa4 49. Rxb7 Qc6 50. Re7 Qc8 51. Qf5 Qc1 52. Nb2 Kf8 53. Nd3 Rxg3+ 54. Kxg3 Qg1+ 55. Kf3 Qd1+ 56. Kf4 Rh4+ 57. Ke5 Rh5 58. Kxf6 Rxf5+ 59. Rxf5 Qxd3 60. Rxf7+ Ke8 61. Re5+ Kd8 62. Rxd5+ Kc8 63. Rg5 Qa6+ 64. Kg7 Qe6 65. Rh5 Qe8 66. Rh8 1-0

[Event "XX Gran Hotel Bali-A 2023"]
[Site "Benidorm"]
[Date "2023.12.05"]
[Round "6.1"]
[White "Zanan, Evgeny"]
[Black "Grigoryan, Karen H."]
[Result "1/2-1/2"]
[ECO "C72"]
[WhiteElo "2486"]
[BlackElo "2646"]
[Annotator "TA"]
[PlyCount "76"]
[EventDate "2023.12.02"]
[EventType "swiss"]
[EventCountry "ESP"]
[SourceTitle "playchess.com"]
[Source "ChessBase"]
[SourceQuality "1"]
[TimeControl "5400+30"]

1. e4 e5 2. Nf3 Nc6 3. Bb5 a6 4. Ba4 d6 5. O-O Bd7 6. c4 Nf6 7. Nc3 Bg4 {[%emt 0:04:37] C72: Ruy Lopez: Deferred Steinitz: 5 0-0.} 8. h3 Bxf3 9. Qxf3 Nd7 {[%emt 0:01:13] White has an edge.} 10. d3 Nd4 11. Bxd7+ Qxd7 12. Qd1 {[%emt 0:00:31] [#]} g6 $146 ({Predecessor:} 12... f5 13. exf5 Nxf5 14. f4 O-O-O 15. b4 exf4 16. Bxf4 g5 17. Bxg5 Bg7 18. Ne2 Rde8 {0-1 Idani,P (2610)-Alonso Rosell,A (2514) Wch Blitz Almaty 2022 (20)}) 13. Be3 Bg7 14. Ne2 Nxe2+ 15. Qxe2 O-O 16. f4 exf4 17. Rxf4 b5 18. Rc1 c5 19. b3 a5 20. cxb5 Qxb5 21. Rc4 Be5 22. Rf1 a4 23. Rb1 axb3 24. Rxb3 (24. axb3 $15 {deserves consideration.} Ra3 25. b4) 24... Qa6 25. a4 Rfb8 26. Qc2 Rxb3 27. Qxb3 Qa5 {[%emt 0:00:37][%cal Ra5e1] [#]} 28. Qd1 {[%emt 0:02:35] Repels Qe1+} Qa6 29. Qb3 {[%emt 0:01:45] Wards off Rb8} Qa5 30. Qd1 {[%emt 0:00:05] Repels Qe1+. The position is equal.} Qd8 31. d4 cxd4 32. Bxd4 d5 33. Rc5 Bxd4+ 34. Qxd4 dxe4 35. Qxe4 Qd1+ 36. Kh2 Qd6+ 37. Kh1 Qd1+ 38. Kh2 Qd6+ {[%emt 0:00:37] Weighted Error Value: White=0.06 (flawless) /Black=0.07 (flawless)} 1/2-1/2

[Event "XX Gran Hotel Bali-A 2023"]
[Site "Benidorm"]
[Date "2023.12.05"]
[Round "6.2"]
[White "Moskalenko, Viktor"]
[Black "Campora, Daniel H."]
[Result "1/2-1/2"]
[ECO "D02"]
[WhiteElo "2427"]
[BlackElo "2341"]
[Annotator "RC"]
[PlyCount "24"]
[EventDate "2023.12.02"]
[EventType "swiss"]
[EventCountry "ESP"]
[SourceTitle "playchess.com"]
[Source "ChessBase"]
[SourceQuality "1"]
[TimeControl "5400+30"]

1. d4 Nf6 2. Bf4 b6 3. e3 Bb7 4. Nd2 e6 5. Ngf3 d5 6. c3 Nbd7 7. Bd3 Be7 8. Ne5 a6 9. Qf3 c5 10. h4 b5 11. g4 Nxe5 12. Bxe5 Bd6 1/2-1/2

[Event "XX Gran Hotel Bali-A 2023"]
[Site "Benidorm"]
[Date "2023.12.05"]
[Round "6.3"]
[White "Ilinca, Felix-Antonio"]
[Black "Torres Sanchez, Jose"]
[Result "1-0"]
[ECO "B40"]
[WhiteElo "2395"]
[BlackElo "2196"]
[Annotator "RC"]
[PlyCount "55"]
[EventDate "2023.12.02"]
[EventType "swiss"]
[EventCountry "ESP"]
[SourceTitle "playchess.com"]
[Source "ChessBase"]
[SourceQuality "1"]
[TimeControl "5400+30"]

1. e4 c5 2. Nf3 e6 3. d4 cxd4 4. Nxd4 Bc5 5. Nb3 Bb6 6. Nc3 Ne7 7. Bf4 d5 8. exd5 exd5 9. Bd3 Be6 10. Qh5 Ng6 11. Bxg6 fxg6 12. Qe2 Qd7 13. Be3 Nc6 14. O-O-O O-O 15. Bxb6 axb6 16. Qe3 Qf7 17. a3 Na5 18. Nxa5 bxa5 19. Rd4 Rac8 20. Rhd1 h6 21. f3 Kh7 22. h4 Qf5 23. Qd3 Qe5 24. Qd2 b6 25. Nxd5 Bf5 26. Nc3 Rf6 27. g4 Be6 28. Re4 1-0

[Event "XX Gran Hotel Bali-A 2023"]
[Site "Benidorm"]
[Date "2023.12.05"]
[Round "6.4"]
[White "Iglesias Ferreira, Andres"]
[Black "Domingo Nunez, Ruben"]
[Result "1/2-1/2"]
[ECO "B06"]
[WhiteElo "2187"]
[BlackElo "2429"]
[Annotator "RC"]
[PlyCount "133"]
[EventDate "2023.12.02"]
[EventType "swiss"]
[EventCountry "ESP"]
[SourceTitle "playchess.com"]
[Source "ChessBase"]
[SourceQuality "1"]
[TimeControl "5400+30"]

1. e4 g6 2. d4 Bg7 3. Nc3 d6 4. Be3 a6 5. Nf3 b5 6. Bd3 Bb7 7. Qd2 Nd7 8. a3 c5 9. h3 cxd4 10. Bxd4 Bxd4 11. Nxd4 Qb6 12. Nde2 Ngf6 13. O-O Rc8 14. Nf4 e6 15. Rfe1 g5 16. Nfe2 Ne5 17. Ng3 Rg8 18. Kh1 g4 19. h4 Qc5 20. Nce2 Ke7 21. Nf4 Ng6 22. b4 Qe5 23. Nxg6+ hxg6 24. Qg5 Bc6 25. c4 Qxg5 26. hxg5 Nd7 27. cxb5 Bxb5 28. Bxb5 axb5 29. a4 bxa4 30. Rxa4 Rc4 31. Rd1 Rb8 32. Ra6 Rb6 33. Rxb6 Nxb6 34. Rb1 Kd7 35. f3 gxf3 36. gxf3 Kc6 37. Kg2 Rc2+ 38. Kh3 Nc4 39. f4 Rc3 40. Kh4 Nd2 41. Ra1 Kb7 42. Kg4 Re3 43. Rh1 Nxe4 44. Nxe4 Rxe4 45. Rh7 e5 46. Rxf7+ Kc6 47. Kf3 Kd5 48. b5 Rb4 49. fxe5 dxe5 50. Rf6 Rb3+ 51. Ke2 Rxb5 52. Rxg6 Ke4 53. Ra6 Rb2+ 54. Ke1 Kf3 55. Rf6+ Ke3 56. Kf1 Rb1+ 57. Kg2 e4 58. g6 Rb5 59. Kg3 Rg5+ 60. Kh4 Rg1 61. Kh5 Kd3 62. Kh6 e3 63. g7 e2 64. Re6 Rg3 65. Kh7 Rh3+ 66. Kg6 Rg3+ 67. Kh7 1/2-1/2

[Event "XX Gran Hotel Bali-A 2023"]
[Site "Benidorm"]
[Date "2023.12.05"]
[Round "6.5"]
[White "Mingarro Carceller, Sergi"]
[Black "Trigo Urquijo, Sergio"]
[Result "1-0"]
[ECO "B12"]
[WhiteElo "2253"]
[BlackElo "2400"]
[Annotator "RC"]
[PlyCount "59"]
[EventDate "2023.12.02"]
[EventType "swiss"]
[EventCountry "ESP"]
[SourceTitle "playchess.com"]
[Source "ChessBase"]
[SourceQuality "1"]
[TimeControl "5400+30"]

1. e4 c6 2. d4 d5 3. e5 Bf5 4. Nf3 e6 5. Be2 Nd7 6. O-O a5 7. a4 f6 8. c4 fxe5 9. dxe5 Bc5 10. Nbd2 Ne7 11. Nb3 Ba7 12. Nfd4 Nxe5 13. g4 Be4 14. Nxe6 Qd6 15. Nxg7+ Kd7 16. Bf4 h5 17. Nd2 Bg6 18. cxd5 Qxd5 19. Nc4 Nxc4 20. Bxc4 Qd4 21. Be6+ Kd8 22. Be5 Qxd1 23. Raxd1+ Nd5 24. Bxd5 cxd5 25. Rxd5+ Ke7 26. Re1 hxg4 27. Bc3+ Kf7 28. Ne6 Kg8 29. Bxh8 Kxh8 30. Rd8+ 1-0

[Event "XX Gran Hotel Bali-A 2023"]
[Site "Benidorm"]
[Date "2023.12.05"]
[Round "6.6"]
[White "Davtyan, David Arm."]
[Black "Garcia Molina, Jose"]
[Result "1/2-1/2"]
[ECO "B52"]
[WhiteElo "2362"]
[BlackElo "2212"]
[Annotator "RC"]
[PlyCount "106"]
[EventDate "2023.12.02"]
[EventType "swiss"]
[EventCountry "ESP"]
[SourceTitle "playchess.com"]
[Source "ChessBase"]
[SourceQuality "1"]
[TimeControl "5400+30"]

1. e4 c5 2. Nf3 d6 3. Bb5+ Bd7 4. Bxd7+ Qxd7 5. c4 e5 6. Nc3 Nc6 7. a3 Be7 8. d3 Bd8 9. O-O f5 10. b4 Nf6 11. bxc5 dxc5 12. Bg5 O-O 13. Bxf6 Bxf6 14. Nd5 Rf7 15. Nd2 Raf8 16. Nb3 b6 17. a4 Bd8 18. f3 f4 19. Qd2 g5 20. a5 Rg7 21. axb6 axb6 22. Qd1 h5 23. h3 Kh7 24. Kf2 g4 25. hxg4 Bh4+ 26. Ke2 hxg4 27. Rh1 gxf3+ 28. Kd2 Rxg2+ 29. Kc3 Qg4 30. Ra8 Kg7 31. Rxf8 Kxf8 32. Qa1 f2 33. Qa8+ Nd8 34. Rf1 Qd7 35. Nd2 Rg1 36. Qb8 Qe6 37. Rxf2 Bxf2 38. Qxd8+ Kg7 39. Nf3 Bd4+ 40. Kb3 Rg2 41. Nh4 Rb2+ 42. Ka3 Qf7 43. Ne7 b5 44. Nhg6 Rh2 45. Nh4 bxc4 46. Qd7 Rxh4 47. Nf5+ Kf6 48. Qd8+ Kg6 49. Nxh4+ Kh5 50. dxc4 Qxc4 51. Qh8+ Kg4 52. Qg7+ Kxh4 53. Qg4+ Kxg4 1/2-1/2

[Event "XX Gran Hotel Bali-A 2023"]
[Site "Benidorm"]
[Date "2023.12.05"]
[Round "6.7"]
[White "Goluch, Piotr"]
[Black "Vignesh B"]
[Result "0-1"]
[ECO "A10"]
[WhiteElo "2309"]
[BlackElo "2140"]
[Annotator "RC"]
[PlyCount "102"]
[EventDate "2023.12.02"]
[EventType "swiss"]
[EventCountry "ESP"]
[SourceTitle "playchess.com"]
[Source "ChessBase"]
[SourceQuality "1"]
[TimeControl "5400+30"]

1. Nf3 g6 2. c4 Bg7 3. Nc3 e5 4. d3 Ne7 5. h4 h6 6. e4 Nbc6 7. Nd5 d6 8. h5 g5 9. Nxg5 Nxd5 10. cxd5 hxg5 11. dxc6 bxc6 12. Be2 Bf6 13. Bg4 Ke7 14. Bd2 Rb8 15. b3 c5 16. Rc1 Bd7 17. Bf5 Bxf5 18. exf5 Kd7 19. Qg4 c6 20. h6 Rh7 21. Rc4 Qb6 22. Ra4 Rbh8 23. Bxg5 Rg8 24. Rh5 c4 25. dxc4 e4 26. Qf4 Rxg5 27. Rxg5 Rxh6 28. Rg8 Rh1+ 29. Ke2 Bc3 30. Qxe4 Re1+ 31. Kf3 Rxe4 32. c5 Qxc5 33. Rxe4 Qxf5+ 34. Rf4 Qd5+ 35. Ke2 Be5 36. Ra4 a5 37. g3 Bc3 38. Rf4 Be5 39. Ra4 Bd4 40. Rg4 Qh5 41. f3 c5 42. Rxa5 Qe5+ 43. Re4 Qxg3 44. Ra7+ Kc6 45. Rxf7 Qf2+ 46. Kd3 Qxa2 47. Ree7 Qxb3+ 48. Ke2 Qc2+ 49. Ke1 Be5 50. f4 Bxf4 51. Kf1 Be5 0-1

[Event "XX Gran Hotel Bali-A 2023"]
[Site "Benidorm"]
[Date "2023.12.05"]
[Round "6.8"]
[White "Korneev Leskova, Svyatoslav"]
[Black "Azaryan, Tigran"]
[Result "1-0"]
[ECO "A37"]
[WhiteElo "2252"]
[BlackElo "2115"]
[Annotator "RC"]
[PlyCount "61"]
[EventDate "2023.12.02"]
[EventType "swiss"]
[EventCountry "ESP"]
[SourceTitle "playchess.com"]
[Source "ChessBase"]
[SourceQuality "1"]
[TimeControl "5400+30"]

1. c4 c5 2. g3 g6 3. Nc3 Nc6 4. Bg2 Bg7 5. Nf3 e5 6. O-O d6 7. a3 a5 8. Ne1 Be6 9. d3 Nge7 10. Nc2 d5 11. cxd5 Nxd5 12. Ne3 Nde7 13. Nc4 O-O 14. Qa4 Rb8 15. Bg5 f6 16. Be3 Nd4 17. Qxa5 b6 18. Qa6 Nxe2+ 19. Nxe2 Qxd3 20. Qa7 Bxc4 21. Nc3 Nf5 22. Rad1 Qc2 23. Rd7 Bh8 24. Bd5+ Bxd5 25. Nxd5 Qb3 26. g4 Ra8 27. Qb7 Qa4 28. Nb4 Qb3 29. gxf5 cxb4 30. Bh6 Rfe8 31. Rg7+ 1-0

[Event "XX Gran Hotel Bali-A 2023"]
[Site "Benidorm"]
[Date "2023.12.05"]
[Round "6.9"]
[White "Mitrabha, Guha"]
[Black "Ibanez Aullana, Ramon"]
[Result "1-0"]
[ECO "A30"]
[WhiteElo "2516"]
[BlackElo "2207"]
[Annotator "RC"]
[PlyCount "103"]
[EventDate "2023.12.02"]
[EventType "swiss"]
[EventCountry "ESP"]
[SourceTitle "playchess.com"]
[Source "ChessBase"]
[SourceQuality "1"]
[TimeControl "5400+30"]

1. Nf3 Nf6 2. c4 c5 3. g3 b6 4. Bg2 Bb7 5. O-O g6 6. b3 Bg7 7. Bb2 O-O 8. Nc3 Ne4 9. Rc1 d6 10. d4 cxd4 11. Nxe4 Bxe4 12. Bxd4 e5 13. Bb2 Na6 14. Qd2 Qe7 15. Rfd1 Rfd8 16. Ne1 Bxg2 17. Nxg2 Nc7 18. Ne3 Qe6 19. Nd5 Rac8 20. Nb4 Ne8 21. Qe3 Nf6 22. Rc2 Qh3 23. Qf3 a5 24. Nd5 Nxd5 25. Rxd5 Rc5 26. a4 Qe6 27. e4 h5 28. Ba3 Rc6 29. h4 Bf8 30. Rcd2 Be7 31. Kg2 Qg4 32. Qd3 f5 33. exf5 gxf5 34. Rb5 Qe4+ 35. Qxe4 fxe4 36. Re2 Kf7 37. Rxe4 Rg8 38. Kf1 Rcc8 39. Re1 Rb8 40. Bc1 Bd8 41. Rd1 Ke6 42. Rbd5 Bc7 43. Bg5 Rbf8 44. Ke2 Rf5 45. Be3 Rgf8 46. Kf1 Rf3 47. Kg2 R3f7 48. Kh3 Rf3 49. R1d2 Ke7 50. Kg2 Ke6 51. Bxb6 Bb8 52. Rb5 1-0

[Event "XX Gran Hotel Bali-A 2023"]
[Site "Benidorm"]
[Date "2023.12.05"]
[Round "6.10"]
[White "Solodovnichenko, Yuri"]
[Black "Roulet-Dubonnet, Emerik Vapenstad"]
[Result "1-0"]
[ECO "B12"]
[WhiteElo "2490"]
[BlackElo "2170"]
[Annotator "RC"]
[PlyCount "101"]
[EventDate "2023.12.02"]
[EventType "swiss"]
[EventCountry "ESP"]
[SourceTitle "playchess.com"]
[Source "ChessBase"]
[SourceQuality "1"]
[TimeControl "5400+30"]

1. e4 c6 2. d4 d5 3. e5 Bf5 4. Nd2 e6 5. Nb3 Nd7 6. Nf3 a6 7. Be3 Rc8 8. Be2 c5 9. dxc5 Bxc5 10. Nfd4 Be4 11. Nxc5 Nxc5 12. O-O Ne7 13. a4 O-O 14. a5 Nf5 15. Nxf5 Bxf5 16. Bd4 Qh4 17. c3 Rc7 18. Rc1 Rfc8 19. f3 Bg6 20. Re1 h6 21. Bf1 Qg5 22. g3 Bh5 23. Rc2 Nb3 24. Bb6 Rc6 25. Rg2 Nc5 26. h4 Qe7 27. g4 Bg6 28. h5 Bh7 29. Qd2 Qh4 30. Rd1 Kh8 31. Qf4 Qg5 32. Qxf7 Bg8 33. Qg6 Qe3+ 34. Rf2 Rf8 35. Qc2 Rxf3 36. Qe2 Qxf2+ 37. Qxf2 Rxf2 38. Kxf2 Bh7 39. c4 Bc2 40. Rd4 Nd7 41. cxd5 exd5 42. Rxd5 Nxb6 43. axb6 Rxb6 44. Rd8+ Kh7 45. Bc4 g6 46. e6 Rxb2 47. Rd2 gxh5 48. e7 hxg4 49. e8=Q g3+ 50. Kxg3 Bd3 51. Qg8# 1-0

[Event "XX Gran Hotel Bali-A 2023"]
[Site "Benidorm"]
[Date "2023.12.05"]
[Round "6.11"]
[White "Decuigniere, Tom"]
[Black "Ambartsumian, Tyhran"]
[Result "0-1"]
[ECO "E92"]
[WhiteElo "2408"]
[BlackElo "2138"]
[Annotator "RC"]
[PlyCount "124"]
[EventDate "2023.12.02"]
[EventType "swiss"]
[EventCountry "ESP"]
[SourceTitle "playchess.com"]
[Source "ChessBase"]
[SourceQuality "1"]
[TimeControl "5400+30"]

1. d4 Nf6 2. c4 g6 3. Nc3 Bg7 4. e4 d6 5. h3 O-O 6. Be3 e5 7. d5 Nbd7 8. Nf3 a5 9. g4 Nc5 10. Nd2 c6 11. Be2 Bd7 12. h4 cxd5 13. cxd5 b5 14. g5 Nh5 15. Bxc5 dxc5 16. Bxh5 gxh5 17. Qxh5 f5 18. Rg1 b4 19. Ne2 Be8 20. Qf3 fxe4 21. Qe3 Qxd5 22. Nxe4 Kh8 23. N2g3 Qd4 24. h5 Qxe3+ 25. fxe3 h6 26. g6 Bd7 27. Nd6 Be6 28. e4 Rf4 29. O-O-O Raf8 30. Ngf5 a4 31. Rg3 c4 32. Rdg1 Kg8 33. a3 b3 34. Rc3 Rf2 35. Rd1 Rh2 36. Rf3 Rxh5 37. Ne7+ Kh8 38. Rdf1 Rf4 39. Nf7+ Bxf7 40. gxf7 Rxf3 41. Rxf3 Rh1+ 42. Kd2 Rh2+ 43. Kd1 Rxb2 44. f8=Q+ Bxf8 45. Rxf8+ Kg7 46. Rc8 Ra2 47. Nd5 Ra1+ 48. Kd2 b2 49. Nc3 Rxa3 50. Nb1 Ra1 51. Kc2 a3 52. Nxa3 Rxa3 53. Rxc4 Rb3 54. Kb1 h5 55. Rc7+ Kg6 56. Rc5 Kf6 57. Rc8 h4 58. Rf8+ Kg5 59. Rf5+ Kg4 60. Rxe5 h3 61. Re8 h2 62. Rg8+ Kf3 0-1

[Event "XX Gran Hotel Bali-A 2023"]
[Site "Benidorm"]
[Date "2023.12.05"]
[Round "6.12"]
[White "Garijo Perez, Hugo"]
[Black "Gomez Dieguez, David"]
[Result "1-0"]
[ECO "C78"]
[WhiteElo "2222"]
[BlackElo "2303"]
[Annotator "RC"]
[PlyCount "77"]
[EventDate "2023.12.02"]
[EventType "swiss"]
[EventCountry "ESP"]
[SourceTitle "playchess.com"]
[Source "ChessBase"]
[SourceQuality "1"]
[TimeControl "5400+30"]

1. e4 e5 2. Nf3 Nc6 3. Bb5 a6 4. Ba4 Nf6 5. O-O Bc5 6. d3 b5 7. Bb3 d6 8. a4 Na5 9. Ba2 bxa4 10. Bd2 Nc6 11. Nc3 a3 12. bxa3 Bg4 13. h3 Bh5 14. Nd5 Nd4 15. g4 Nxg4 16. c3 Nxf2 17. Qa4+ Nb5 18. Rxf2 Bxf2+ 19. Kxf2 Qd7 20. Qd1 f5 21. exf5 Qxf5 22. Ne3 Qxh3 23. Bd5 Bxf3 24. Qxf3 Rf8 25. Bxa8 Qh4+ 26. Ke2 Rxf3 27. Bxf3 Qe7 28. Bc6+ Kf8 29. Rf1+ Kg8 30. Bd5+ Kh8 31. Rf7 Qe8 32. Nf5 c6 33. Nxg7 Qc8 34. Be6 Qd8 35. Nf5 h5 36. Bh6 Nxc3+ 37. Kf3 Qa5 38. Bg7+ Kh7 39. Bxe5+ 1-0

[Event "XX Gran Hotel Bali-A 2023"]
[Site "Benidorm"]
[Date "2023.12.05"]
[Round "6.13"]
[White "Utsab Chatterjee"]
[Black "Odriozola Coscolin, Dani"]
[Result "1-0"]
[ECO "B38"]
[WhiteElo "2302"]
[BlackElo "1874"]
[Annotator "RC"]
[PlyCount "61"]
[EventDate "2023.12.02"]
[EventType "swiss"]
[EventCountry "ESP"]
[SourceTitle "playchess.com"]
[Source "ChessBase"]
[SourceQuality "1"]
[TimeControl "5400+30"]

1. e4 c5 2. Nf3 Nc6 3. d4 cxd4 4. Nxd4 g6 5. c4 Bg7 6. Be3 Nf6 7. Nc3 d6 8. Be2 O-O 9. O-O Bd7 10. h3 Nxd4 11. Bxd4 Bc6 12. Qc2 a5 13. b3 Nd7 14. Bxg7 Kxg7 15. Rfd1 Qb6 16. a3 Nc5 17. Rab1 Rfc8 18. b4 axb4 19. axb4 Ne6 20. Qb2 Kg8 21. c5 Qd8 22. cxd6 exd6 23. b5 Be8 24. Nd5 Ng7 25. Nf6+ Kh8 26. e5 d5 27. Rxd5 Qe7 28. Qd2 Ne6 29. Qh6 Nf8 30. Rd4 g5 31. Qxg5 1-0

[Event "XX Gran Hotel Bali-A 2023"]
[Site "Benidorm"]
[Date "2023.12.05"]
[Round "6.14"]
[White "Grabuzova, Tatiana"]
[Black "Moreno Estebanez, Patxi"]
[Result "1-0"]
[ECO "E11"]
[WhiteElo "2202"]
[BlackElo "2278"]
[Annotator "RC"]
[PlyCount "85"]
[EventDate "2023.12.02"]
[EventType "swiss"]
[EventCountry "ESP"]
[SourceTitle "playchess.com"]
[Source "ChessBase"]
[SourceQuality "1"]
[TimeControl "5400+30"]

1. d4 Nf6 2. c4 e6 3. g3 Bb4+ 4. Bd2 Qe7 5. Bg2 Bxd2+ 6. Qxd2 d6 7. Nc3 O-O 8. Nf3 c6 9. Rd1 Nbd7 10. O-O Re8 11. b4 d5 12. c5 e5 13. Nh4 g6 14. f4 exd4 15. Qxd4 Qe3+ 16. Qxe3 Rxe3 17. Rf3 Rxf3 18. Nxf3 a5 19. b5 Nxc5 20. Ne5 Bg4 21. bxc6 bxc6 22. Nxc6 Kg7 23. Bxd5 Nxd5 24. Rxd5 Nb7 25. Rb5 Rc8 26. Rxb7 Rxc6 27. Rb3 Kf6 28. Kf2 Ke7 29. e4 Be6 30. Ra3 Kd6 31. Ke3 Kc5 32. Nd5 Kb5 33. Kd4 Rc2 34. h4 h5 35. Rb3+ Ka6 36. a3 Rc1 37. Ke5 Rc4 38. f5 gxf5 39. exf5 Bc8 40. Rc3 Rxc3 41. Nxc3 Kb6 42. Ne4 Kc6 43. Ng5 1-0

[Event "XX Gran Hotel Bali-A 2023"]
[Site "Benidorm"]
[Date "2023.12.05"]
[Round "6.15"]
[White "Granero Roca, Antonio"]
[Black "Donate Moreno, Silvia"]
[Result "1-0"]
[ECO "D24"]
[WhiteElo "2273"]
[BlackElo "2156"]
[Annotator "RC"]
[PlyCount "63"]
[EventDate "2023.12.02"]
[EventType "swiss"]
[EventCountry "ESP"]
[SourceTitle "playchess.com"]
[Source "ChessBase"]
[SourceQuality "1"]
[TimeControl "5400+30"]

1. Nf3 Nf6 2. c4 e6 3. d4 d5 4. Nc3 a6 5. Bg5 dxc4 6. a4 Nc6 7. e4 Na5 8. Qc2 h6 9. Bh4 Be7 10. Be2 O-O 11. Rd1 Bd7 12. d5 exd5 13. e5 Ng4 14. Bxe7 Qxe7 15. Nxd5 Qc5 16. O-O Nc6 17. b4 Qa7 18. Ne7+ Nxe7 19. Rxd7 Ng6 20. Qf5 Ne3 21. fxe3 Qxe3+ 22. Rf2 Rae8 23. Bxc4 Qc1+ 24. Bf1 b5 25. axb5 axb5 26. Qc2 Qe3 27. Qc5 Qxc5 28. bxc5 c6 29. Rd6 Rc8 30. Bd3 Nf4 31. Be4 Ne6 32. Bf5 1-0

[Event "XX Gran Hotel Bali-A 2023"]
[Site "Benidorm"]
[Date "2023.12.05"]
[Round "6.16"]
[White "Midoux, Sebastien"]
[Black "Escartin Lacasa, Jose"]
[Result "0-1"]
[ECO "E09"]
[WhiteElo "2151"]
[BlackElo "2272"]
[Annotator "RC"]
[PlyCount "72"]
[EventDate "2023.12.02"]
[EventType "swiss"]
[EventCountry "ESP"]
[SourceTitle "playchess.com"]
[Source "ChessBase"]
[SourceQuality "1"]
[TimeControl "5400+30"]

1. d4 d5 2. c4 c6 3. Nf3 Nf6 4. Nbd2 e6 5. g3 Be7 6. Bg2 O-O 7. O-O Nbd7 8. Qc2 b6 9. e4 Bb7 10. e5 Ne8 11. b3 Rc8 12. Bb2 c5 13. Rac1 Rc7 14. Rfe1 Qa8 15. Qb1 Rc8 16. cxd5 Bxd5 17. Ne4 h6 18. h4 cxd4 19. Rxc8 Qxc8 20. Bxd4 Qb7 21. Re3 a5 22. h5 Nc5 23. Bxc5 bxc5 24. Qc2 Nc7 25. Bf1 Rc8 26. Nfd2 Nb5 27. Bxb5 Qxb5 28. Nc4 Rd8 29. Rf3 a4 30. Rf4 axb3 31. axb3 Rb8 32. Ncd2 Qe2 33. Qc1 Qxh5 34. g4 Qxe5 35. Nf3 Qc7 36. g5 Rxb3 0-1

[Event "XX Gran Hotel Bali-A 2023"]
[Site "Benidorm"]
[Date "2023.12.05"]
[Round "6.17"]
[White "Gaurav Rajesh Zagade"]
[Black "Alvarez Perez, Adan"]
[Result "1/2-1/2"]
[ECO "D35"]
[WhiteElo "2099"]
[BlackElo "2241"]
[Annotator "RC"]
[PlyCount "171"]
[EventDate "2023.12.02"]
[EventType "swiss"]
[EventCountry "ESP"]
[SourceTitle "playchess.com"]
[Source "ChessBase"]
[SourceQuality "1"]
[TimeControl "5400+30"]

1. d4 Nf6 2. c4 e6 3. Nc3 d5 4. cxd5 exd5 5. Bg5 c6 6. e3 h6 7. Bh4 Qb6 8. Bxf6 Qxb2 9. Qc1 Ba3 10. Bxg7 Rh7 11. Nxd5 Qxc1+ 12. Rxc1 Rxg7 13. Rc3 Bd6 14. a3 Bxa3 15. Nc7+ Kd8 16. Nxa8 Bb4 17. Kd2 b5 18. g3 Bb7 19. Bg2 Bxc3+ 20. Kxc3 Bxa8 21. Ne2 Kc7 22. Nf4 Kb6 23. Kb3 Bb7 24. Rc1 Bc8 25. h4 a5 26. Rc5 Bg4 27. Nd3 f6 28. Nf4 Bd1+ 29. Kb2 b4 30. Rc1 Bg4 31. Kb3 Ra7 32. Be4 Bd7 33. Nd3 Na6 34. Nc5 Nxc5+ 35. dxc5+ Kc7 36. Bd3 Be6+ 37. Bc4 Bg4 38. Ka4 Bf3 39. Bb3 Be2 40. Bc4 Bf3 41. Kb3 Kd7 42. Re1 Ke7 43. Be2 Bd5+ 44. Bc4 Bf3 45. Be2 Bd5+ 46. Bc4 Bf3 47. Be2 Bd5+ 48. Bc4 Bxc4+ 49. Kxc4 Rb7 50. Rb1 Ke6 51. e4 Ke5 52. f3 Rd7 53. Ra1 Rd4+ 54. Kb3 Rd3+ 55. Kb2 Rxf3 56. Rxa5 Kd4 57. g4 Kc4 58. g5 Rf2+ 59. Kc1 hxg5 60. hxg5 b3 61. Ra6 b2+ 62. Kb1 Kb3 63. Rb6+ Kc3 64. Ka2 fxg5 65. e5 g4 66. e6 g3 67. Rb3+ Kc2 68. e7 Kc1 69. Ka3 Re2 70. Rxb2 Rxe7 71. Rg2 Rg7 72. Kb4 Kd1 73. Ka5 Ke1 74. Kb6 Rg6 75. Rxg3 Rxg3 76. Kxc6 Kd2 77. Kd6 Rg6+ 78. Kd7 Rg7+ 79. Kd6 Ke3 80. c6 Rg6+ 81. Kd7 Ke4 82. c7 Rg7+ 83. Kd8 Rg8+ 84. Kd7 Kd5 85. c8=Q Rxc8 86. Kxc8 1/2-1/2

[Event "XX Gran Hotel Bali-A 2023"]
[Site "Benidorm"]
[Date "2023.12.05"]
[Round "6.19"]
[White "Luque Saiz, Andres"]
[Black "Ishvi Aggarwal"]
[Result "1-0"]
[ECO "C54"]
[WhiteElo "2349"]
[BlackElo "1765"]
[Annotator "RC"]
[PlyCount "75"]
[EventDate "2023.12.02"]
[EventType "swiss"]
[EventCountry "ESP"]
[SourceTitle "playchess.com"]
[Source "ChessBase"]
[SourceQuality "1"]
[TimeControl "5400+30"]

1. e4 e5 2. Nf3 Nc6 3. Bc4 Bc5 4. c3 Nf6 5. d3 d6 6. O-O a6 7. Bb3 Ba7 8. Nbd2 h6 9. Nc4 g5 10. Re1 g4 11. Nfd2 h5 12. Nf1 h4 13. Be3 h3 14. g3 d5 15. Ncd2 d4 16. Bg5 Rh5 17. Bxf6 Qxf6 18. c4 Bd7 19. Ba4 O-O-O 20. a3 Bc5 21. b4 Bf8 22. b5 axb5 23. Bxb5 Qg6 24. Qa4 Nb8 25. Reb1 c6 26. Qa7 cxb5 27. cxb5 Bd6 28. Rc1+ Bc7 29. Nc4 Rf8 30. Nb6+ Kd8 31. Rxc7 Kxc7 32. Nd5+ Kd6 33. Qb6+ Nc6 34. bxc6 bxc6 35. Qb4+ c5 36. Qb6+ Bc6 37. Qc7+ Ke6 38. Qe7# 1-0

[Event "XX Gran Hotel Bali-A 2023"]
[Site "Benidorm"]
[Date "2023.12.05"]
[Round "6.20"]
[White "Hristodorescu, Daniel"]
[Black "Cruz Lledo, Pablo"]
[Result "1/2-1/2"]
[ECO "B11"]
[WhiteElo "2111"]
[BlackElo "2368"]
[Annotator "RC"]
[PlyCount "153"]
[EventDate "2023.12.02"]
[EventType "swiss"]
[EventCountry "ESP"]
[SourceTitle "playchess.com"]
[Source "ChessBase"]
[SourceQuality "1"]
[TimeControl "5400+30"]

1. e4 c6 2. Nc3 d5 3. Nf3 dxe4 4. Nxe4 Nf6 5. Ng3 h5 6. h3 h4 7. Ne2 Bf5 8. d4 Be4 9. Neg1 e6 10. Bd3 Nbd7 11. Bxe4 Nxe4 12. Qd3 Ndf6 13. Ne2 Qa5+ 14. Nd2 O-O-O 15. O-O Nd6 16. a3 g5 17. Nb3 Qd5 18. Nc3 Qf5 19. Qxf5 Nxf5 20. Bxg5 Be7 21. Rad1 Rhg8 22. Bxf6 Bxf6 23. Ne2 Rg7 24. Kh1 Rdg8 25. Rg1 Nd6 26. Nc5 b6 27. Nd3 Ne4 28. c3 Be7 29. f3 Nd6 30. Ne5 Kc7 31. a4 Bg5 32. f4 Be7 33. Rd3 Nf5 34. b4 a6 35. Rf3 Bd6 36. Ng4 a5 37. bxa5 bxa5 38. Rb1 Be7 39. Nc1 Ng3+ 40. Kh2 f5 41. Ne3 Ne4 42. Rb2 Rg3 43. Ne2 Rxf3 44. gxf3 Nf6 45. Nc4 Ra8 46. Ne5 Nd5 47. c4 Nb6 48. c5 Nd5 49. Nc1 Bf6 50. Ncd3 Rg8 51. Re2 Rg3 52. Rg2 Bxe5 53. Nxe5 Rxg2+ 54. Kxg2 Nxf4+ 55. Kf1 Nxh3 56. Ng6 Ng5 57. Nxh4 Kd7 58. Ke2 e5 59. dxe5 Ne6 60. Nxf5 Nxc5 61. Nd4 Nxa4 62. Nb3 Ke6 63. f4 Nc3+ 64. Kd3 Nd5 65. Nd4+ Kd7 66. f5 a4 67. Kc4 Ne3+ 68. Kd3 Ng4 69. Nf3 Nh6 70. Nd4 c5 71. e6+ Kd6 72. Nb5+ Ke7 73. Ke4 c4 74. Kf4 Kf6 75. Nc3 Nxf5 76. Nxa4 Kxe6 77. Ke4 1/2-1/2